 Dungeon Crawl Stone Soup version 0.27.1-33-g824d729ab1 (webtiles) character file.

Game seed: 15493585716838644358

368377 Destapler the Swashbuckler (level 21, -13/178 (195) HPs)
             Began as a Minotaur Fighter on Dec 9, 2021.
             Was the Champion of Wu Jian.
             Shot with a bolt by a yaktaur (18 damage)
             ... led by a vault warden
             ... on level 2 of the Vaults on Dec 14, 2021.
             The game lasted 05:06:43 (40040 turns).

Destapler the Swashbuckler (Minotaur Fighter)      Turns: 40040, Time: 05:06:43

HP:   -13/178 (195) AC: 23    Str: 37      XL:     21   Next: 64%
MP:   20/20         EV: 19    Int:  6      God:    Wu Jian [******]
Gold: 2844          SH: 24    Dex: 18 (19) Spells: 20/20 levels left

rFire    . . .     SeeInvis +   a - +10 rapier of Starshine {vorpal, Contam Fly Str+7 Dex+3}
rCold    + + .     Faith    .   o - +0 tower shield
rNeg     . . .     Spirit   .   Y - +2 troll leather armour
rPois    .         Reflect  .   x - +0 hat "Kuohuj" {Str+4}
rElec    +         Harm     .   g - +2 cloak
rCorr    +         Rampage  .   s - +5 pair of gloves of Moral Flaws {SInv}
Will     ++...     Rnd*Tele +   c - +2 pair of boots
Stlth    ++++++....             v - amulet "Leumim" {Regen+ rCorr Str+2 Stlth+}
HPRegen  0.00/turn              W - ring of protection from cold
MPRegen  0.17/turn              R - +4 ring of slaying

@: marked, flying, inhibited regen, studying 2 skills, drained
A: horns 2, retaliatory headbutt, cold resistance 1, deterioration 1,
strong-willed 1, screaming 2, electricity resistance, inhibited regeneration,
teleportitis 1, MP-powered wands
}: 2/15 runes: decaying, gossamer
a: Renounce Religion, Wall Jump, Serpent's Lash, Heavenly Storm


You were on level 2 of the Vaults.
You worshipped Wu Jian.
Wu Jian was exalted by your worship.
You visited 8 branches of the dungeon, and saw 40 of its levels.
You also visited: Sewer and Gauntlet.

You collected 5617 gold pieces.
You spent 2773 gold pieces at shops.

Inventory:

Hand Weapons
 a - the +10 rapier of Starshine (weapon) {vorpal, Contam Fly Str+7 Dex+3}
   (You found it on level 3 of the Swamp)

   It inflicts extra damage upon your enemies.
   Str:       It affects your strength (+7).
   Dex:       It affects your dexterity (+3).
   Fly:       It grants you flight.
   Contam:    It causes magical contamination when unequipped.
 b - the +8 rapier "Buzufyix" {freeze, Fly rPois Str+10 Dex-4}
   (You found it on level 1 of the Dungeon)

   It freezes those it strikes, dealing additional cold damage.
   It can also slow down cold-blooded creatures.
   Str:       It affects your strength (+10).
   Dex:       It affects your dexterity (-4).
   rPois:     It protects you from poison.
   Fly:       It grants you flight.
 F - the +5 quick blade "Apsaink" {protect, +Blink rElec rF+++ Str-2}
   (You found it on level 1 of the Swamp)

   It grants its wielder temporary protection when it strikes (+7 to AC).
   Str:       It affects your strength (-2).
   rF:        It renders you almost immune to fire.
   rElec:     It insulates you from electricity.
   +Blink:    It lets you blink.
 K - the +6 trident of Oozing Pus {vorpal, Stlth+}
   (You found it on level 12 of the Dungeon)

   It inflicts extra damage upon your enemies.
   Stlth:     It makes you more stealthy.
 S - the +7 rapier "Lelaphyo" {elec, Str+5 SInv}
   (You found it on level 7 of the Dungeon)

   It occasionally discharges a powerful burst of electricity upon striking a
   foe.
   Str:       It affects your strength (+5).
   SInv:      It lets you see invisible.
Missiles
 m - 120 poisoned darts
 n - 7 atropa-tipped darts
 p - 12 silver boomerangs
 T - 6 boomerangs (quivered)
Armour
 c - a +2 pair of boots (worn)
 g - a +2 cloak (worn)
 o - a +0 tower shield (worn)
 s - the +5 pair of gloves of Moral Flaws (worn) {SInv}
   (You acquired it on level 1 of the Vaults)

   SInv:      It lets you see invisible.
 x - the +0 hat "Kuohuj" (worn) {Str+4}
   (You found it in a Gauntlet)

   Str:       It affects your strength (+4).
 C - the +1 ring mail "Dukaal" {rElec rPois}
   (You found it on level 1 of the Vaults)

   rElec:     It insulates you from electricity.
   rPois:     It protects you from poison.
 Y - a +2 troll leather armour (worn)
Jewellery
 e - a ring of willpower
 h - a ring of positive energy
 l - a ring of flight
 v - the amulet "Leumim" (around neck) {Regen+ rCorr Str+2 Stlth+}
   (You acquired it in a Gauntlet)

   [amulet of regeneration]

   Str:       It affects your strength (+2).
   Regen:     It increases your rate of health regeneration.
   rCorr:     It protects you from acid and corrosion.
   Stlth:     It makes you more stealthy.
 Q - a ring of positive energy
 R - a +4 ring of slaying (right hand)
 W - a ring of protection from cold (left hand)
Wands
 f - a wand of polymorph (40)
 y - a wand of iceblast (34)
 E - a wand of digging (25)
 G - a wand of mindburst (15)
 J - a wand of paralysis (20)
 N - a wand of acid (35)
Scrolls
 j - 11 scrolls of teleportation
 k - 3 scrolls of fog
 r - 3 scrolls of fear
 u - 5 scrolls of blinking
 I - 2 scrolls of magic mapping
 L - 2 scrolls of holy word
 P - 3 scrolls of enchant armour
 V - 3 scrolls of enchant weapon
 X - a scroll of silence
Potions
 d - 5 potions of might
 i - 5 potions of lignification
 q - 18 potions of curing
 t - 5 potions of haste
 w - a potion of magic
 z - 8 potions of heal wounds
 A - 5 potions of invisibility
 B - 5 potions of resistance
 H - a potion of berserk rage
 M - 3 potions of attraction
 O - 6 potions of cancellation
 U - 9 potions of ambrosia


   Skills:
 + Level 18.6 Fighting
 + Level 19.0 Short Blades
 - Level 2.8(3.2) Axes
 + Level 2.1(2.8) Maces & Flails
 + Level 13.4 Throwing
 + Level 16.9 Armour
 + Level 14.2 Dodging
 + Level 12.0 Stealth
 + Level 17.1 Shields
 + Level 11.2 Evocations


You had 20 spell levels left.
You didn't know any spells.
Your spell library contained the following spells:

 Spells                   Type           Power      Damage    Failure   Level
 Apportation              Tloc           0%         N/A       82%         1
 Corona                   Hex            0%         N/A       82%         1
 Magic Dart               Conj           0%         1d3       82%         1
 Ensorcelled Hibernation  Hex/Ice        0%         N/A       91%         2
 Passwall                 Tmut/Erth      0%         N/A       91%         2
 Searing Ray              Conj           0%         3d3       91%         2
 Slow                     Hex            0%         N/A       91%         2
 Static Discharge         Conj/Air       0%         N/A       91%         2
 Sublimation of Blood     Necr           0%         N/A       91%         2
 Wereblood                Tmut           0%         N/A       91%         2
 Confusing Touch          Hex            0%         N/A       99%         3
 Dazzling Flash           Conj/Hex       0%         N/A       99%         3
 Stone Arrow              Conj/Erth      0%         3d7       99%         3
 Summon Guardian Golem    Hex/Summ       0%         N/A       99%         3
 Swiftness                Air            0%         N/A       99%         3
 Tukima's Dance           Hex            0%         N/A       99%         3
 Airstrike                Air            0%         N/A       100%        4
 Fulminant Prism          Conj/Hex       0%         3d6       100%        4
 Iskenderun's Mystic Bla  Conj/Tloc      0%         2d3       100%        4
 Olgreb's Toxic Radiance  Pois           0%         N/A       100%        4
 Passage of Golubria      Tloc           N/A        N/A       100%        4
 Summon Lightning Spire   Summ/Air       0%         N/A       100%        4
 Agony                    Necr           0%         N/A       100%        5
 Alistair's Intoxication  Tmut/Pois      0%         N/A       100%        5
 Bolt of Magma            Conj/Fire/Erth 0%         4d4       100%        5
 Borgnjor's Vile Clutch   Necr/Erth      0%         N/A       100%        5
 Fireball                 Conj/Fire      0%         3d3       100%        5
 Freezing Cloud           Conj/Ice/Air   0%         6-21      100%        5
 Iskenderun's Battlesphe  Conj           0%         2d6       100%        5
 Lee's Rapid Deconstruct  Erth           0%         3d5*      100%        5
 Lightning Bolt           Conj/Air       0%         1d11      100%        5
 Silence                  Hex/Air        0%         N/A       100%        5
 Yara's Violent Unravell  Hex/Tmut       0%         3d3       100%        5
 Conjure Ball Lightning   Conj/Air       0%         3x3d6     100%        6
 Eringya's Noxious Bog    Tmut/Pois      0%         N/A       100%        6
 Invisibility             Hex            0%         N/A       100%        6
 Simulacrum               Ice/Necr       0%         N/A       100%        6
 Malign Gateway           Summ/Tloc      0%         N/A       100%        7
 Orb of Destruction       Conj           0%         N/A       100%        7
 Ozocubu's Refrigeration  Ice            0%         4d5       100%        7
 Spellforged Servitor     Conj/Summ      0%         N/A       100%        7
 Storm Form               Tmut/Air       0%         N/A       100%        7
 Summon Hydra             Summ           0%         N/A       100%        7
 Borgnjor's Revivificati  Necr           0%         N/A       100%        8
 Ignition                 Fire           0%         3d3       100%        8
 Maxwell's Capacitive Co  Air            0%         ∞         100%        8
 Necromutation            Tmut/Necr      0%         N/A       100%        8
 Summon Horrible Things   Summ           0%         N/A       100%        8
 Death's Door             Necr           0%         N/A       100%        9
 Polar Vortex             Ice            0%         N/A       100%        9
 Shatter                  Erth           0%         3d5*      100%        9


Dungeon Overview and Level Annotations

Branches:
Dungeon (15/15)            Temple (0/1) D:7            Lair (6/6) D:11
  Swamp (4/4) Lair:3       Spider (4/4) Lair:4        Slime (5/5) Lair:6
    Orc (2/2) D:11            Elf (0/3) Orc:2        Vaults (2/5) D:14
 Depths (2/5) D:15          Sewer (visited)         Gauntlet (visited)
  Crypt: Vaults:2-3

Altars:
Kikubaaqudgha
Okawaru
Ru
Wu Jian
Zin
Jiyva

Shops:
D:3 [   D:9 (!*   D:12 ?   Orc:2 [*==   Vaults:1 (   Depths:1 (

Portals:
Hell: Depths:1
Trove: D:14 (give 3 potions of resistance)

Annotations:
D:14 1 runed translucent door, Uummannaq's ghost, journeyman MiFi


Innate Abilities, Weirdness & Mutations

You have a pair of horns on your head.
You reflexively headbutt those who attack you in melee.
Your flesh is cold resistant. (rC+)
Your body sometimes deteriorates upon taking damage.
You are strong-willed. (Will+)
You frequently scream uncontrollably at your foes.
You are resistant to electric shocks. (rElec)
You do not regenerate when monsters are visible.
You are occasionally teleported next to monsters.
You expend magic power (3 MP) to strengthen your wands.


Message History

You spin and attack the spectral ironbound preserver repeatedly.
You hit the spectral ironbound preserver but do no damage.
The spectral ironbound preserver is heavily damaged.
You hit the spectral ironbound preserver.
You headbutt the spectral ironbound preserver.
The spectral ironbound preserver is heavily damaged.
You spin and attack the revenant.
You puncture the revenant!
The revenant is lightly damaged.
The spectral ironbound preserver fades away!
The vault warden activates a sealing rune.
You block the revenant's attack.
You hit the death knight but do no damage.
You headbutt the death knight!
The death knight is moderately wounded.
The death knight reflects your damage back at you!
The deep elf death mage points at you and mumbles some strange words.
The bolt of negative energy hits the revenant.
The revenant completely resists.
The bolt of negative energy hits you!!!
You feel drained.
* * * LOW HITPOINT WARNING * * *
Your body deteriorates!
You feel clumsy. The revenant barely misses you. You furiously retaliate!
You headbutt the revenant, but do no damage.
You spin and attack the revenant repeatedly.
You hit the revenant but do no damage.
The revenant is lightly damaged.
You puncture the revenant! Your headbutt misses the revenant.
The revenant is moderately damaged.
You spin and attack the death knight.
You puncture the death knight! You headbutt the death knight!
The death knight is severely wounded.
The death knight reflects your damage back at you!
* * * LOW HITPOINT WARNING * * *
The death knight hits you but does no damage.
You block the deep troll's attack. x2; The deep troll claws you.
* * * LOW HITPOINT WARNING * * *
The revenant hits you.
* * * LOW HITPOINT WARNING * * *
The yaktaur shoots a bolt.
The bolt hits you!!
You die...

###+#+##### #..........
#..........
#..........#############
#..........#...........#
#..<.......#.#@..c...#.#
+..........#.TpL)......#
#..........+..p8#.#8...#
############...##.##...#
#[.e#.>.#)..#
#..Z##.##.))#
#...8###8○Z.#
#....°°○..).#
+.#..T....#.#


You could see a vault warden, a revenant, a death knight (reflects damage), a
deep elf death mage, a deep troll, a yaktaur and a spectral snapping turtle
(summoned).

Vanquished Creatures
  Mara (Depths:2)
  Rupert (D:12)
  14 acid blobs
  Kirke (D:14)
  2 tengu reavers
  3 thorn hunters
  9 azure jellies
  2 rockslimes (Slime:3)
  A fenstrider witch (Swamp:4)
  4 frost giants
  4 fire giants
  A storm dragon (D:12)
  A vault warden (Vaults:1)
  Louise (Swamp:2)
  9 emperor scorpions
  3 ghost moths
  8 ironbound preservers
  A ghoul (Swamp:2)
  A very ugly thing (Depths:2)
  5 quicksilver oozes
  7 stone giants
  3 dire elephants
  7 bunyips
  A vampire knight (D:12)
  2 entropy weavers (Spider:3)
  A minotaur (Gauntlet)
  5 spark wasps
  3 ettins
  7 eleionomae
  Snorg (D:11)
  A deep elf death mage (Vaults:2)
  4 jiangshi (Depths:1)
  6 yaktaur captains
  3 shambling mangroves
  Josephine (Orc:1)
  4 fire dragons
  8 great orbs of eyes
  4 boulder beetles
  24 hydras
  An ice dragon (Depths:2)
  2 rakshasas
  3 ghost crabs
  5 vault guards
  4 ironbound thunderhulks (Vaults:1)
  A catoblepas (Lair:6)
  2 ogre magi (Orc:2)
  4 spriggan air magi (Depths:2)
  19 centaur warriors
  2 ironbound frosthearts
  15 death yaks
  2 dancing weapons (D:14)
  A death knight (D:12)
  A deep troll shaman (Depths:1)
  11 alligators
  14 two-headed ogres
  2 deep troll earth magi (Depths:1)
  2 tengu warriors (Depths:2)
  2 hell hogs (Depths:1)
  2 vampire magi (Depths:1)
  An ironbound beastmaster (Vaults:1)
  A spriggan berserker (Swamp:4)
  A deep elf knight (Spider:1)
  6 spriggans
  Nergalle (D:11)
  7 hell knights (Depths:1)
  5 skeletal warriors (D:13)
  3 iron trolls (Depths:1)
  2 goliath frogs
  A flayed ghost (D:12)
  19 deep trolls
  13 bog bodies
  A death drake (Swamp:3)
  8 ironbound convokers
  6 swamp dragons
  4 lindwurms
  A deep elf archer (Spider:1)
  A glowing orange brain (Depths:2)
  An obsidian statue (Spider:3)
  5 spriggan druids
  A phantasmal warrior (D:12)
  4 wizards
  5 deep elf pyromancers
  An orc knight (D:14)
  A harpy (Vaults:1)
  3 necromancers (Depths:1)
  17 orb spiders
  11 ugly things
  Pikel (D:5)
  10 cyclopes
  36 wolf spiders
  8 shining eyes
  13 will-o-the-wisps
  4 moths of wrath
  An oklob plant (Lair:6)
  4 manticores
  Maurice (D:10)
  7 vault sentinels
  A cyclops (shapeshifter) (Vaults:1)
  5 elephants
  8 black mambas
  2 eyes of devastation (Slime:3)
  2 gargoyles
  6 torpor snails
  15 cane toads
  A kobold demonologist (D:13)
  An efreet (D:14)
  6 yaktaurs
  18 komodo dragons
  14 demonic crawlers
  2 freezing wraiths
  3 tengu conjurers (D:14)
  3 polar bears
  A queen bee (Lair:3)
  30 jumping spiders
  13 trolls
  15 hornets
  A bloated husk (Swamp:2)
  12 meliai
  10 tyrant leeches
  5 blink frogs (Lair:5)
  78 slime creatures
  4 dream sheep (Lair:6)
  5 flying skulls (Gauntlet)
  Sigmund (D:5)
  6 water elementals (Depths:2)
  A shadow (D:11)
  38 tarantellas
  4 wyverns
  73 redbacks
  13 wraiths
  3 hogs (D:15)
  56 yaks
  5 basilisks
  A steam dragon (D:9)
  28 vampire mosquitoes
  A warg (Orc:2)
  17 swamp worms
  2 acid dragons (D:10)
  A hell hound (Spider:1)
  11 swamp drakes
  23 water moccasins
  16 orc warriors
  An ice beast (D:5)
  24 ogres
  3 sky beasts
  6 black bears
  3 ettin simulacra (Depths:1)
  A necrophage (D:4)
  23 wolves
  16 centaurs
  4 lemures (D:5)
  2 phantoms (D:6)
  2 kobold brigands
  14 bullfrogs
  3 gnoll sergeants
  A wyvern zombie (D:6)
  A water moccasin zombie (D:6)
  25 killer bees (Lair:3)
  2 howler monkeys
  7 wights
  An electric eel (Spider:1)
  A bullfrog zombie (D:6)
  5 centaur zombies
  A jelly (Gauntlet)
  Crazy Yiuf (D:4)
  10 orc priests
  4 hounds
  A bullfrog skeleton (D:7)
  4 iguanas
  20 orc wizards
  A hell rat (D:10)
  A hound zombie (D:5)
  2 howler monkey zombies
  A howler monkey skeleton (D:5)
  19 gnolls
  6 adders
  9 river rats
  A shadow imp (D:6)
  4 worms
  4 dart slugs
  64 orcs
  3 bats
  4 endoplasms
  10 giant cockroaches
  9 goblins
  11 hobgoblins
  4 jackals (D:1)
  10 quokkas
  14 ball pythons
  5 frilled lizards
  28 kobolds
  26 rats
  A fungus (Lair:5)
1458 creatures vanquished.

Vanquished Creatures (others)
  A hydra (Swamp:4)
  A hell hog (Depths:1)
  A vault sentinel (Vaults:2)
  3 yaktaurs (Vaults:2)
  3 bloated husks
  A human (D:7)
  A goblin (Depths:1)
  24 foxfires (Swamp:3)
  16 fungi
  34 plants
  3 withered plants (Gauntlet)
88 creatures vanquished.

Grand Total: 1546 creatures vanquished

Notes
Turn   | Place    | Note
-------+----------+-------------------------------------------
     0 | D:1      | Destapler the Minotaur Fighter began the quest for the Orb.
     0 | D:1      | Reached XP level 1. HP: 19/19 MP: 0/0
    56 | D:1      | Found a faded altar of an unknown god.
    69 | D:1      | Reached XP level 2. HP: 22/27 MP: 1/1
    70 | D:1      | Became a worshipper of the Wu Jian Council
    70 | D:1      | Reached * piety under Wu Jian
   161 | D:1      | Identified the +8 rapier "Buzufyix" {freeze, Fly rPois
                  | Str+10 Dex-4}
   350 | D:1      | Reached XP level 3. HP: 33/33 MP: 2/2
   416 | D:1      | Reached ** piety under Wu Jian
   750 | D:2      | Reached skill level 1 in Short Blades
  1156 | D:2      | Reached XP level 4. HP: 30/41 MP: 3/3
  1355 | D:2      | Reached skill level 1 in Dodging
  1508 | D:3      | Found Vufamim's Armour Emporium.
  1524 | D:3      | Reached skill level 2 in Short Blades
  1530 | D:3      | Reached XP level 5. HP: 42/47 MP: 4/4
  1715 | D:3      | Reached skill level 1 in Evocations
  1881 | D:3      | Reached *** piety under Wu Jian
  1999 | D:3      | Noticed an ogre
  2013 | D:3      | Killed an ogre
  2014 | D:3      | Reached skill level 3 in Short Blades
  2014 | D:3      | Reached XP level 6. HP: 53/53 MP: 5/5
  2188 | D:4      | Found a glowing drain.
  2206 | Sewer    | Entered a sewer
  2469 | Sewer    | Reached **** piety under Wu Jian
  2505 | Sewer    | Reached skill level 5 in Shields
  2575 | Sewer    | Reached skill level 5 in Fighting
  2575 | Sewer    | Reached skill level 5 in Armour
  2660 | Sewer    | Reached XP level 7. HP: 55/61 MP: 6/6
  2901 | D:4      | Reached skill level 4 in Short Blades
  3451 | D:5      | Entered Level 5 of the Dungeon
  3601 | D:5      | Noticed Pikel
  3607 | D:5      | Killed Pikel
  3608 | D:5      | Reached skill level 5 in Short Blades
  3608 | D:5      | Reached XP level 8. HP: 69/70 MP: 7/7
  3940 | D:5      | Noticed Sigmund
  3952 | D:5      | Killed Sigmund
  3953 | D:5      | Reached skill level 6 in Short Blades
  4016 | D:5      | Reached skill level 1 in Throwing
  4183 | D:5      | Found an ornate altar of the Wu Jian Council.
  4183 | D:5      | Found a glowing silver altar of Zin.
  4284 | D:5      | Found a runed translucent door.
  4285 | D:5      | Noticed Crazy Yiuf
  4302 | D:4      | Killed Crazy Yiuf
  4425 | D:6      | Reached XP level 9. HP: 77/78 MP: 8/8
  4508 | D:6      | Reached ***** piety under Wu Jian
  4715 | D:6      | Reached skill level 7 in Short Blades
  4931 | D:6      | Gained mutation: You are dopey. (Int -2) [potion of
                  | mutation]
  4931 | D:6      | Gained mutation: Your spells are a little easier to cast,
                  | but a little less powerful. [potion of mutation]
  4931 | D:6      | Gained mutation: Your flesh is cold resistant. (rC+)
                  | [potion of mutation]
  4932 | D:6      | Lost mutation: You are dopey. (Int -2) [potion of mutation]
  4932 | D:6      | Lost mutation: Your spells are a little easier to cast, but
                  | a little less powerful. [potion of mutation]
  4932 | D:6      | Gained mutation: Your movements are slightly less
                  | encumbered by armour. (ER -2) [potion of mutation]
  4932 | D:6      | Gained mutation: Potions are less effective at restoring
                  | your health. [potion of mutation]
  4933 | D:6      | Lost mutation: Your movements are slightly less encumbered
                  | by armour. (ER -2) [potion of mutation]
  4933 | D:6      | Lost mutation: Your flesh is cold resistant. (rC+) [potion
                  | of mutation]
  4933 | D:6      | Lost mutation: Potions are less effective at restoring your
                  | health. [potion of mutation]
  4933 | D:6      | Gained mutation: You have sharp toenails. [potion of
                  | mutation]
  4933 | D:6      | Gained mutation: You are weak. (Str -2) [potion of
                  | mutation]
  4933 | D:6      | Gained mutation: Your spells are a little harder to cast,
                  | but a little more powerful. [potion of mutation]
  4934 | D:6      | Lost mutation: You are weak. (Str -2) [potion of mutation]
  4934 | D:6      | Lost mutation: You have sharp toenails. [potion of
                  | mutation]
  4934 | D:6      | Gained mutation: Your flesh is cold resistant. (rC+)
                  | [potion of mutation]
  4934 | D:6      | Gained mutation: You are strong-willed. (Will+) [potion of
                  | mutation]
  5085 | D:7      | Identified the +7 rapier "Lelaphyo" {elec, Str+5 SInv}
  5096 | D:7      | Reached skill level 5 in Dodging
  5516 | D:7      | Found an ancient bone altar of Kikubaaqudgha.
  5558 | D:7      | Found a staircase to the Ecumenical Temple.
  6498 | D:9      | Reached skill level 8 in Short Blades
  6529 | D:9      | Noticed a troll
  6536 | D:9      | Killed a troll
  6537 | D:9      | Reached XP level 10. HP: 79/86 MP: 9/9
  6710 | D:9      | Found Wagruigh's Distillery.
  6717 | D:9      | Bought a potion of degeneration for 13 gold pieces
  6717 | D:9      | Bought 2 potions of heal wounds for 130 gold pieces
  6721 | D:9      | Found Uxkaen's Weapon Shop.
  6722 | D:9      | Noticed a deep elf pyromancer
  6728 | D:9      | Killed a deep elf pyromancer
  6904 | D:9      | Noticed Maggie
  6905 | D:9      | Noticed Maggie
  6905 | D:9      | Maggie changed into Maggie the hornet
  6910 | D:9      | Killed Maggie the hornet
  6953 | D:9      | Found Meeros's General Store.
  7253 | D:10     | Entered Level 10 of the Dungeon
  7347 | D:10     | Reached skill level 9 in Short Blades
  7347 | D:10     | Reached skill level 5 in Evocations
  7423 | D:10     | Noticed Maurice
  7431 | D:10     | Reached skill level 1 in Stealth
  7435 | D:10     | Killed Maurice
  7654 | D:10     | Noticed a two-headed ogre
  7664 | D:10     | Killed a two-headed ogre
  7947 | D:10     | Noticed a cyclops
  7951 | D:10     | Killed a cyclops
  7952 | D:10     | Reached XP level 11. HP: 76/95 MP: 10/10
  8260 | D:10     | Reached skill level 5 in Throwing
  8473 | D:11     | Noticed Nergalle
  8485 | D:11     | Killed Nergalle
  8486 | D:11     | Reached skill level 10 in Short Blades
  8560 | D:11     | Noticed a death yak
  8560 | D:11     | Noticed a death yak
  8565 | D:11     | Noticed a death yak
  8573 | D:11     | Killed a death yak
  8631 | D:11     | Killed a death yak
  8752 | D:10     | Killed a death yak
  9154 | D:11     | Noticed Snorg
  9158 | D:11     | Found a staircase to the Orcish Mines.
  9167 | D:11     | Killed Snorg
  9168 | D:11     | Reached skill level 11 in Short Blades
  9408 | D:11     | Noticed a two-headed ogre
  9458 | D:10     | Killed a two-headed ogre
  9831 | D:11     | Found a staircase to the Lair.
 10196 | Lair:1   | Entered Level 1 of the Lair of Beasts
 10286 | Lair:1   | Reached skill level 10 in Shields
 10473 | Lair:1   | Reached XP level 12. HP: 106/106 MP: 11/11
 10508 | Lair:1   | Reached skill level 10 in Fighting
 10508 | Lair:1   | Reached skill level 10 in Armour
 10768 | Lair:1   | Reached skill level 12 in Short Blades
 11503 | Lair:2   | Reached skill level 13 in Short Blades
 11987 | Lair:2   | Noticed a four-headed hydra
 11999 | Lair:2   | Killed a four-headed hydra
 12189 | Lair:3   | Found a staircase to the Swamp.
 12233 | Lair:3   | Reached skill level 14 in Short Blades
 12665 | Lair:3   | Reached XP level 13. HP: 117/117 MP: 12/12
 13392 | Lair:4   | Reached ****** piety under Wu Jian
 13557 | Lair:4   | Found a hole to the Spider Nest.
 14110 | Orc:1    | Entered Level 1 of the Orcish Mines
 14271 | Orc:1    | Noticed Josephine
 14277 | Orc:1    | Killed Josephine
 14862 | Orc:2    | Entered Level 2 of the Orcish Mines
 15495 | Orc:2    | Found a staircase to the Elven Halls.
 15842 | Orc:2    | Reached skill level 5 in Stealth
 16174 | Orc:2    | Reached XP level 14. HP: 121/126 MP: 13/13
 16348 | Orc:2    | Found Bawnatecku's Jewellery Shop.
 16354 | Orc:2    | Found Dial's Jewellery Boutique.
 16357 | Orc:2    | Found Bausu's Assorted Antiques.
 16365 | Orc:2    | Found Yhelu's Antique Armour Shop.
 17407 | D:9      | Bought a potion of curing for 39 gold pieces
 17407 | D:9      | Bought a potion of heal wounds for 65 gold pieces
 17407 | D:9      | Bought a potion of curing for 39 gold pieces
 17407 | D:9      | Bought a potion of curing for 39 gold pieces
 17407 | D:9      | Bought a potion of heal wounds for 65 gold pieces
 17407 | D:9      | Bought a potion of curing for 39 gold pieces
 17513 | Orc:2    | Bought a scroll labelled UROAGHEUQY for 33 gold pieces
 17519 | Orc:2    | Bought a shimmering chain mail for 256 gold pieces
 17519 | Orc:2    | Identified the +1 chain mail of the Stag {Harm rElec rCorr}
                  | (You bought it in a shop on level 2 of the Orcish Mines)
 17535 | Orc:2    | Identified 3 scrolls of acquirement
 17535 | Orc:2    | Acquired a manual of Fighting
 17539 | Orc:2    | Acquired 1085 gold pieces
 17583 | Orc:2    | Reached skill level 15 in Short Blades
 17583 | Orc:2    | Reached XP level 15. HP: 135/135 MP: 14/14
 18173 | Lair:6   | Entered Level 6 of the Lair of Beasts
 18778 | Lair:6   | Reached skill level 16 in Short Blades
 19006 | Lair:6   | Found a viscous altar of Jiyva.
 19007 | Lair:6   | Found a staircase to the Slime Pits.
 19356 | D:12     | Noticed Rupert
 19404 | D:12     | Found a gate leading to a gauntlet.
 19421 | Gauntlet | Entered a Gauntlet
 19421 | Gauntlet | Found a transporter.
 19421 | Gauntlet | Found a transporter.
 19434 | Gauntlet | Found a transporter.
 19437 | Gauntlet | Found a transporter.
 19445 | Gauntlet | Found a transporter.
 19450 | Gauntlet | Found a transporter.
 19460 | Gauntlet | Found a transporter.
 19477 | Gauntlet | Found a transporter.
 19494 | Gauntlet | Found a transporter.
 19498 | Gauntlet | Found a transporter.
 19506 | Gauntlet | Found a transporter.
 19510 | Gauntlet | Found a transporter.
 19643 | Gauntlet | Identified the +0 hat "Kuohuj" {Str+4}
 19730 | Gauntlet | Acquired the amulet "Leumim" {Regen+ rCorr Str+2 Stlth+}
 19835 | D:12     | Found Asofysm's Magic Scroll Shoppe.
 20042 | D:12     | Found a runed translucent door.
 20042 | D:12     | Noticed a fire giant
 20044 | D:12     | Noticed a tengu reaver
 20044 | D:12     | Noticed a storm dragon
 20197 | D:12     | Reached XP level 16. HP: 135/143 MP: 15/15
 20368 | D:12     | Killed Rupert
 21622 | D:14     | Found a runed translucent door.
 21624 | D:14     | Noticed Uummannaq's ghost (journeyman MiFi)
 21639 | D:14     | Identified the +6 glaive of Termination {vorpal, rF+ Int+4}
 21680 | D:14     | Noticed a tengu reaver
 21734 | D:14     | Found a gate to the Vaults.
 22132 | D:14     | Reached skill level 10 in Dodging
 22278 | D:14     | Found a portal to a secret trove of treasure.
 22326 | D:15     | Entered Level 15 of the Dungeon
 22326 | D:15     | Noticed Kirke
 22455 | D:14     | Killed Kirke
 22651 | D:15     | Found a staircase to the Depths.
 23181 | Swamp:1  | Entered Level 1 of the Swamp
 23444 | Swamp:1  | Reached XP level 17. HP: 150/150 MP: 16/16
 23615 | Swamp:1  | Identified the +5 quick blade "Apsaink" {protect, +Blink
                  | rElec rF+++ Str-2}
 23829 | Swamp:1  | Reached skill level 10 in Throwing
 23992 | Swamp:2  | Noticed Louise
 24002 | Swamp:2  | Killed Louise
 24793 | Swamp:3  | Reached skill level 17 in Short Blades
 24931 | Swamp:3  | Identified the +10 rapier of Starshine {vorpal, Contam Fly
                  | Str+7 Dex+3}
 25459 | Swamp:4  | Entered Level 4 of the Swamp
 25806 | Swamp:4  | Reached XP level 18. HP: 138/162 MP: 17/17
 25847 | Swamp:4  | Reached skill level 15 in Fighting
 25860 | Swamp:4  | Got a decaying rune of Zot
 26032 | Swamp:4  | Paralysed by a fenstrider witch for 6 turns
 26964 | Depths:1 | Entered Level 1 of the Depths
 27810 | Depths:1 | Found an iron altar of Okawaru.
 27891 | Depths:1 | Found Misiant's Antique Weapon Emporium.
 28159 | Depths:1 | Found a gateway to Hell.
 28379 | Depths:1 | Reached skill level 15 in Shields
 28393 | Depths:1 | Gained mutation: You are clumsy. (Dex -2) [mutagenic glow]
 28849 | Depths:2 | Noticed Mara
 28855 | Depths:2 | Killed Mara
 28930 | Depths:2 | Reached skill level 10 in Stealth
 29165 | Depths:2 | Reached skill level 15 in Armour
 29439 | Depths:2 | Reached XP level 19. HP: 138/173 MP: 18/18
 29527 | Depths:2 | Gained mutation: Your magical capacity is low. (-10% MP)
                  | [mutagenic glow]
 30042 | Orc:2    | Bought a +4 ring of slaying for 936 gold pieces
 30049 | Orc:2    | Bought a ring of willpower for 350 gold pieces
 30105 | Orc:2    | Acquired 591 gold pieces
 30287 | Spider:1 | Entered Level 1 of the Spider Nest
 30894 | Spider:1 | Identified the +3 dagger of Reasonable Fortitude {vamp,
                  | rPois MP+9}
 31640 | Spider:2 | Reached skill level 18 in Short Blades
 33309 | Spider:4 | Entered Level 4 of the Spider Nest
 33949 | Spider:4 | Reached XP level 20. HP: 185/185 MP: 17/17
 34623 | Spider:4 | Reached skill level 10 in Evocations
 34926 | Spider:4 | Got a gossamer rune of Zot
 35200 | Slime:1  | Entered Level 1 of the Pits of Slime
 35710 | Slime:1  | Gained mutation: You are occasionally teleported next to
                  | monsters. [a shining eye]
 36326 | Slime:3  | Gained mutation: You are dopey. (Int -2) [a shining eye]
 36331 | Slime:3  | Gained mutation: You occasionally shout uncontrollably at
                  | your foes. [a shining eye]
 36946 | Slime:4  | Gained mutation: Your body sometimes deteriorates upon
                  | taking damage. [a shining eye]
 36948 | Slime:4  | Gained mutation: You are very clumsy. (Dex -4) [a shining
                  | eye]
 37093 | Slime:5  | Entered Level 5 of the Pits of Slime
 37131 | Slime:5  | Gained mutation: You frequently scream uncontrollably at
                  | your foes. [a shining eye]
 37190 | Slime:5  | Gained mutation: You do not regenerate when monsters are
                  | visible. [a shining eye]
 37192 | Slime:5  | Gained mutation: You are very dopey. (Int -4) [a shining
                  | eye]
 37193 | Slime:5  | Reached XP level 21. HP: 131/194 MP: 0/17
 37441 | Orc:2    | Lost mutation: You are very dopey. (Int -4) [potion of
                  | mutation]
 37441 | Orc:2    | Lost mutation: Your spells are a little harder to cast, but
                  | a little more powerful. [potion of mutation]
 37441 | Orc:2    | Gained mutation: You expend magic power (3 MP) to
                  | strengthen your wands. [potion of mutation]
 37574 | D:6      | Lost mutation: You are very clumsy. (Dex -4) [potion of
                  | mutation]
 37574 | D:6      | Lost mutation: Your magical capacity is low. (-10% MP)
                  | [potion of mutation]
 37574 | D:6      | Lost mutation: You are dopey. (Int -2) [potion of mutation]
 37574 | D:6      | Lost mutation: You are clumsy. (Dex -2) [potion of
                  | mutation]
 37574 | D:6      | Gained mutation: You are resistant to electric shocks.
                  | (rElec) [potion of mutation]
 37612 | D:6      | Found a sacrificial altar of Ru.
 38182 | D:12     | Identified the +6 trident of Oozing Pus {vorpal, Stlth+}
 38302 | D:12     | Bought a scroll of teleportation for 33 gold pieces
 38302 | D:12     | Bought a scroll of blinking for 82 gold pieces
 38302 | D:12     | Bought a scroll of acquirement for 572 gold pieces
 38302 | D:12     | Bought a scroll of silence for 82 gold pieces
 38353 | Vaults:1 | Entered Level 1 of the Vaults
 38561 | Vaults:1 | Acquired the +5 pair of gloves of Moral Flaws {SInv}
 39099 | Vaults:1 | Identified the +1 ring mail "Dukaal" {rElec rPois}
 39354 | Vaults:1 | Found Fir Haoc's Weapon Emporium.
 39534 | Vaults:1 | Reached skill level 1 in Maces & Flails
 40037 | Vaults:2 | Reached skill level 19 in Short Blades
 40040 | Vaults:2 | HP: 6/178 [deep troll[an ironbound preserver] (4)]
 40040 | Vaults:2 | Shot with a bolt by a yaktaur

Illustrated notes

Levels and vault maps discovered:
D:1:      kennysheep_arrival_forest, layout_rooms,
          hellmonk_ecumenical_altar_lost_god, minmay_stone_trees_large
D:2:      layout_rooms, serial_corexii_hall, corexii_hall_statues_l,
          corexii_hall_statues_x
D:3:      minmay_general_purpose_star, layout_rooms, serial_shops,
          nicolae_shop_trees, minmay_misc_feat_doors
D:4:      layout_rooms, portal_sewer_entry_f
D:5:      layout_loops_ring, gammafunk_temple_overflow_elements, uniq_pikel,
          uniq_crazy_yiuf_cottage, uniq_sigmund
D:6:      layout_loops_ring, nicolae_ru_path_of_blood
D:7:      layout_loops_ring, tgw_kikubaaqudgha,
          minmay_temple_entry_proselytizer, hangedman_decor_clover_reticule
D:8:      layout_basic
D:9:      layout_rooms, serial_shops, kennysheep_mini,
          nicolae_shop_competitors_out_of_business,
          nicolae_shop_temple_entry_statues_fountains, uniq_maggie
D:10:     minmay_angry_zag, layout_loops_corners, uniq_maurice
D:11:     layout_basic, dpeg_lair_monsters, orc_0_dummy, uniq_snorg,
          uniq_nergalle
D:12:     minmay_gate_of_8, layout_cave_pods, gauntlet_entry_generic,
          serial_shops, nicolae_take_the_stairs, uniq_rupert
D:13:     layout_loops_corners, kennysheep_small_square
D:14:     layout_rooms, erik_vaults_1, minivault_26, ebering_ghost_inner_flame,
          nicolae_trove_entry_crystal, nzn_random_ring
D:15:     hangedman_depths_entry_try_elsewhere_first, layout_rooms, uniq_kirke
Lair:1:   layout_regular_city, serial_bayou_shore_b, grunt_megastairs_5
Lair:2:   layout_big_grid
Lair:3:   layout_small_grid, swamp_mist_pool, serial_rivers,
          chequers_serial_rivers_small_a, chequers_serial_rivers_room_b,
          chequers_serial_rivers_small_a, chequers_serial_rivers_small_a,
          chequers_serial_rivers_room_a, chequers_serial_rivers_room_a,
          special_room [special_room_bee]
Lair:4:   layout_big_grid, spider_nest_entry_web_field
Lair:5:   layout_gridlike, st_stairs_5, chequers_serial_rivers_small_a
Lair:6:   grunt_lair_end_beastmaster, layout_cave_shapes, slime_altar_1
Swamp:1:  layout_basic_swamp, evilmike_swamp_ruin_rubble_2
Swamp:2:  layout_falls_marsh, evilmike_swamp_ruin_house_5, swamp_pool2,
          nzn_swamp_stair_ambush, uniq_louise
Swamp:3:  layout_basic_swamp, evilmike_swamp_ruin_house_3,
          nicolae_swamp_wisp_ring_woods
Swamp:4:  swamp_basic_johnstein, layout_basic_swamp, grunt_witch_cave
Spider:1: layout_spider_delve, beargit_elvish_explorers
Spider:2: layout_chambers
Spider:3: spider_temple_joshua
Spider:4: grunt_spider_rune_circles
Slime:1:  layout_caves
Slime:2:  layout_caves
Slime:3:  layout_caves
Slime:4:  layout_caves
Slime:5
Orc:1:    layout_diamond_mine, uniq_josephine
Orc:2:    st_orc_open, layout_caves
Vaults:1: st_diamondy, vaults_mumra_minichess,
          nicolae_vaults_diagonal_hallway_7, nicolae_vaults_little_squares_2,
          nicolae_vaults_three_branches, nicolae_vaults_network_s,
          v_alt_pattern_4, vaults_mumra_chevron_long,
          nicolae_vaults_mini_display_case, nicolae_vaults_specimen_jars,
          vaults_room_grunt_arrival_ludios, vaults_standard_mumra_x,
          layout_vaults_ring, serial_shops, nicolae_shop_behind_doors
Vaults:2: ontoclasm_vaults_shuriken, nicolae_vaults_windows_and_doors_thing,
          nicolae_vaults_network_barrier, vaults_mumra_hex,
          hangedman_vaults_stitches, minmay_crypt_entry_simple_statues,
          vaults_room_semicircle, v_misc_1, nicolae_vaults_alarming,
          vaults_dpeg_diagonal, nicolae_vaults_little_squares_3,
          ontoclasm_vaults_ring_square, hangedman_vaults_stretched_pinwheel,
          layout_vaults_maze_bifur, serial_shops, shop, shop_statue, shop, shop,
          nicolae_shop_waterfront, uniq_asterion
Depths:1: hangedman_elemental_death_ray, layout_gridlike,
          minmay_stone_trees_small, serial_shops,
          nicolae_shop_overgrown_old_shop, grunt_hell_entry_dis_old,
          okawaru_altar_gauntlet_db
Depths:2: box_level_dp, hell_entry, pan_entry, abyss_entry, uniq_mara,
          uniq_bai_suzhen

Skill      XL: |  1  2  3  4  5  6  7  8  9 10 11 12 13 14 15 16 17 18 19 20 21 |
---------------+----------------------------------------------------------------+-----
Fighting       | 4 5 6 7 8 9 11 12 13 14 16 17 18 | 18.6
Armour         | 4 5 6 7 8 9 10 11 12 13 14 15 16 | 16.9
Shields        | 4 5 6 7 8 10 11 12 13 14 15 16 17 | 17.1
Short Blades   | 1 2 3 5 6 8 9 11 14 15 16 17 18 19 | 19.0
Dodging        | 1 2 3 4 5 7 9 10 11 12 13 14 | 14.2
Evocations     | 1 2 3 4 5 6 8 9 10 11 | 11.2
Throwing       | 1 3 4 5 6 7 8 9 10 11 12 13 | 13.4
Stealth        | 2 3 5 7 8 9 10 11 12 | 12.0
Maces & Flails | 2 |  2.1
Axes           | |  2.8

Action                   |  1- 3 |  4- 6 |  7- 9 | 10-12 | 13-15 | 16-18 | 19-21 || total
-------------------------+-------+-------+-------+-------+-------+-------+-------++-------
Melee: War axe           |    25 |       |       |       |       |       |       ||    25
       Headbutt          |     8 |    13 |    45 |   132 |   243 |   597 |   570 ||  1608
       Rapier            |    57 |   144 |   190 |   466 |   894 |  1364 |  1582 ||  4697
       Quick blade       |       |       |       |       |       |   316 |   133 ||   449
Throw: Dart              |       |    13 |    31 |    77 |   229 |    95 |   118 ||   563
       Boomerang         |       |       |    18 |     7 |       |    11 |    44 ||    80
Invok: Whirlwind         |    23 |    59 |    44 |   167 |   323 |   457 |   788 ||  1861
       Lunge             |    17 |    23 |    40 |    56 |    94 |   144 |   144 ||   518
       Serpent's Lash    |       |       |       |     1 |       |     1 |     1 ||     3
       Heavenly Storm    |       |       |       |     1 |       |       |     1 ||     2
 Abil: Wall Jump         |       |       |       |     8 |     6 |     1 |       ||    15
       Evoke Blink       |       |       |       |       |       |       |     1 ||     1
Evoke: Wand              |       |       |       |     8 |    18 |    21 |     2 ||    49
       Tin of tremorston |       |       |       |       |       |     2 |       ||     2
       Condenser vane    |       |       |       |       |       |     1 |       ||     1
  Use: Scroll            |       |       |     9 |       |    21 |     2 |     7 ||    39
       Potion            |       |       |     4 |     1 |     1 |     2 |     9 ||    17
 Stab: Paralysed         |       |       |       |     5 |     1 |     1 |       ||     7
       Distracted        |       |       |       |     1 |     2 |     4 |     6 ||    13
       Sleeping          |       |       |       |     2 |     5 |    37 |    35 ||    79
       Petrified         |       |       |       |       |     1 |       |       ||     1
       Confused          |       |       |       |       |       |     1 |       ||     1
Armor: Scale mail        |    30 |    47 |    35 |     8 |       |       |       ||   120
       Steam dragon scal |       |       |       |    50 |    36 |       |       ||    86
       Troll leather arm |       |       |       |       |    32 |   150 |   244 ||   426
Dodge: Dodged            |    17 |    47 |    49 |    93 |   154 |   380 |   466 ||  1206
Block: Kite shield       |    35 |    75 |    76 |   164 |   325 |   515 |    32 ||  1222
       Tower shield      |       |       |       |       |       |       |  1017 ||  1017
